 Dungeon Crawl Stone Soup version 0.30.1-4-g462c640d31 (webtiles) character file.

Game seed: 7171002141465193997

282 leafyfresh the Transmogrifier (level 6, 0/43 HPs)
             Began as a Merfolk Transmuter on Aug 18, 2023.
             Killed by nerve-wracking pain
             ... invoked by Grinder
              (8 damage)
             ... on level 3 of the Dungeon.
             The game lasted 00:04:39 (2228 turns).

leafyfresh the Transmogrifier (Merfolk Transmuter)  Turns: 2228, Time: 00:04:40

Health: 0/43       AC:  3    Str: 10    XL:     6   Next: 28%
Magic:  0/9        EV: 13    Int: 13    God:
Gold:   81         SH:  0    Dex: 16    Spells: 5/9 levels left

rFire   . . .        l - +4 dagger of Defence by Offence {freeze, rElec}
rCold   . . .        (no shield)
rNeg    . . .        a - +0 robe
rPois   .            (no helmet)
rElec   +            (no cloak)
rCorr   .            (no gloves)
SInv    .            m - +0 pair of boots
Will    .....        c - amulet of guardian spirit
Stlth   +            (no ring)
HPRegen 0.27/turn    (no ring)
MPRegen 0.11/turn

%: guardian spirit
@: no status effects
A: (nimble swimmer 2), mertail
a: no special abilities


You were on level 3 of the Dungeon.
You visited 1 branch of the dungeon, and saw 3 of its levels.

You collected 81 gold pieces.

Inventory:

Hand Weapons
 l - the +4 dagger of Defence by Offence (weapon) {freeze, rElec}
   (You found it on level 2 of the Dungeon)

   rElec:     It insulates you from electricity.
Armour
 a - a +0 robe (worn)
 h - a +0 barding
 m - a +0 pair of boots (worn)
Jewellery
 c - an amulet of guardian spirit (around neck)
 k - an amulet of faith
Wands
 n - a wand of acid (4)
Scrolls
 g - 2 scrolls of identify {unknown}
 i - 2 scrolls of amnesia {unknown}
 j - a scroll of enchant weapon {unknown}
Potions
 b - a potion of lignification
 d - a potion of heal wounds {unknown}
 e - a potion of haste {unknown}
 f - 2 potions of might {unknown}


   Skills:
 - Level 1.1 Fighting
 - Level 2.6 Dodging
 - Level 3.2 Unarmed Combat
 - Level 2.0 Spellcasting
 + Level 8.5 Transmutations


You had 5 spell levels left.
You knew the following spells:

 Your Spells              Type           Power      Damage    Failure   Level
a - Beastly Appendage     Tmut           46%        N/A       1%          1
b - Spider Form           Tmut/Pois      12%        N/A       13%         3

Your spell library contained the following spells:

 Spells                   Type           Power      Damage    Failure   Level
 Wereblood                Tmut           23%        N/A       1%          2
 Ice Form                 Ice/Tmut       12%        N/A       41%         4


Dungeon Overview and Level Annotations

Branches:
Dungeon (3/15)

Altars:

Annotations:
D:3 Grinder


Innate Abilities, Weirdness & Mutations

((You are very nimble when in or above water. (Stealth+, EV+, Speed+++)))
Your lower body shifts to a powerful aquatic tail in water.


Message History

The orc barely misses you.
Unknown command.
You bite the orc!
You kill the orc!
Unknown command.
You hit Grinder but do no damage. The orc closely misses you. Grinder hits you.
Unknown command.
You hit Grinder.
Grinder is lightly wounded.
The orc misses you. Grinder hits you!
* * * LOW HITPOINT WARNING * * *
You writhe in agony.
* * * LOW HITPOINT WARNING * * *
Unknown command.
You barely miss Grinder.
Grinder is lightly wounded.
The orc misses you. Grinder closely misses you.
Unknown command.
You barely miss Grinder.
Grinder is lightly wounded.
The orc hits you but does no damage. Grinder completely misses you.
Unknown command.
You hit Grinder.
Grinder is lightly wounded.
Your transformation has ended.
The +4 dagger of Defence by Offence {freeze, rElec} unmelds from your body.
Your +0 pair of boots unmelds from your body.
Your +0 robe unmelds from your body.
The +4 dagger of Defence by Offence {freeze, rElec} glows with a cold blue light!
Grinder gestures at you. You resist with significant effort.
The orc misses you.
You hit Grinder.
Grinder is moderately wounded.
The orc hits you but does no damage. Grinder hits you but does no damage.
You hit Grinder but do no damage.
Grinder is moderately wounded.
The orc closely misses you. Grinder gestures at you.
Pain shoots through your body!
You die...

#.#...o..#
#........#
........)
.........
#.#####...o...#
#.............#
#.##### #o#...#
#@#.#.#
#5#.#.#.#
#.#.#.#.#
#.#.#.#.#
#.#.#.#.#
#.#.#.#(#
#.#.#.#.#
#.....#.###...
###.).........


You could see Grinder and an orc.

Vanquished Creatures
  Terence (D:2)
  Ijyb (D:3)
  Natasha (twice) (D:2)
  4 gnolls (D:2)
  6 adders (D:2)
  4 worms
  2 dart slugs
  2 orcs (D:3)
  5 endoplasms
  8 giant cockroaches
  4 goblins
  8 hobgoblins
  10 jackals
  A kobold (D:1)
  3 quokkas
  5 ball pythons (D:1)
  3 bats
  A frilled lizard (D:1)
  6 rats
76 creatures vanquished.

Notes
Turn   | Place    | Note
-------+----------+-------------------------------------------
     0 | D:1      | leafyfresh the Merfolk Transmuter began the quest for the
                  | Orb.
     0 | D:1      | Reached XP level 1. HP: 15/15 MP: 3/3
    31 | D:1      | Reached skill level 3 in Transmutations
   180 | D:1      | Found a faded altar of an unknown god.
   188 | D:1      | Reached XP level 2. HP: 14/21 MP: 3/5
   259 | D:1      | Reached skill level 4 in Transmutations
   348 | D:1      | Reached XP level 3. HP: 25/26 MP: 6/6
   488 | D:1      | Reached skill level 5 in Transmutations
  1124 | D:2      | Reached XP level 4. HP: 21/32 MP: 5/7
  1146 | D:2      | Learned a level 3 spell: Spider Form
  1272 | D:2      | Reached skill level 6 in Transmutations
  1418 | D:2      | Identified the +4 dagger of Defence by Offence {freeze,
                  | rElec}
  1442 | D:2      | Reached XP level 5. HP: 25/37 MP: 5/8
  1579 | D:2      | Noticed Natasha
  1591 | D:2      | Killed Natasha
  1592 | D:2      | Reached skill level 7 in Transmutations
  1824 | D:2      | Noticed Terence
  1839 | D:2      | Killed Terence
  1946 | D:2      | Noticed Natasha
  1953 | D:2      | Killed Natasha
  1954 | D:2      | Reached skill level 8 in Transmutations
  1954 | D:2      | Reached XP level 6. HP: 38/43 MP: 5/9
  2117 | D:3      | Noticed Ijyb
  2134 | D:3      | Killed Ijyb
  2179 | D:3      | Noticed Grinder
  2212 | D:3      | Paralysed by Grinder for 4 turns
  2228 | D:3      | Killed from afar by Grinder

Illustrated notes

Levels and vault maps discovered:
D:1:      mainiacjoe_arrival_reflecting_pool, layout_loops_corners,
          hellmonk_ecumenical_altar_dog_temple, chequers_serial_rivers_small_a,
          st_stairs_6, hangedman_abyss_or_decor_stabs
D:2:      layout_rooms, chequers_decorated_corner, uniq_terence, uniq_natasha
D:3:      layout_basic, lemuel_doored_altar, nicolae_wormholes,
          uniq_crazy_yiuf_cottage, uniq_grinder, uniq_ijyb

Skill      XL: |  1  2  3  4  5 |
---------------+----------------+-----
Transmutations | 3 4 5 6 8 |  8.5
Fighting       | |  1.1
Dodging        | |  2.6
Unarmed Combat | |  3.2
Spellcasting   | |  2.0

Action                     |  1- 3 |  4- 6 || total
---------------------------+-------+-------++-------
  Melee: Unarmed           |   137 |   100 ||   237
         Punch             |     3 |     2 ||     5
         Headbutt          |     3 |     2 ||     5
         Dagger            |       |    54 ||    54
   Cast: Beastly Appendage |     7 |     1 ||     8
         Spider Form       |       |    10 ||    10
   Stab: Sleeping          |     2 |     1 ||     3
 Armour: Robe              |    20 |    17 ||    37
         Skin              |       |     6 ||     6
  Dodge: Dodged            |    79 |   147 ||   226
